 Dungeon Crawl Stone Soup version 0.30.0-10-gfe55d96785 (webtiles) character file.

Game seed: 83318907144863815

10382 2FriedEggs the Convoker (level 11, -3/52 (54) HPs)
             Began as a Deep Elf Summoner on May 13, 2023.
             Was an Initiate of Gozag.
             Slain by a fire dragon (13 damage)
             ... on level 10 of the Dungeon.
             The game lasted 00:42:09 (12167 turns).

2FriedEggs the Convoker (Deep Elf Summoner)        Turns: 12167, Time: 00:42:10

HP:   -3/52 (54)    AC:  8    Str:  5    XL:     11   Next: 35%
MP:   1/19          EV: 13    Int: 25    God:    Gozag
Gold: 1408          SH:  0    Dex: 27    Spells: 2/19 levels left

rFire   . . .        h - +1 trident (venom)
rCold   + . .        (no shield)
rNeg    . . .        T - +2 robe {Will+}
rPois   +            p - +2 helmet
rElec   .            (no cloak)
rCorr   .            y - +0 pair of gloves of Wu Jian's Delight {Contam rPois rC+}
SInv    .            (no boots)
Will    ++...        u - amulet of magic regeneration
Stlth   +++          l - +6 ring of dexterity
HPRegen 0.28/turn    U - +6 ring of dexterity
MPRegen 0.56/turn

%: no passive effects
@: very slightly contaminated, lightly drained
A: no striking features
a: Renounce Religion, Potion Petition, Call Merchant, Bribe Branch


You were on level 10 of the Dungeon.
You worshipped Gozag.
Gozag was most pleased with you.
You visited 2 branches of the dungeon, and saw 11 of its levels.

You collected 2262 gold pieces.
You spent 798 gold pieces at shops.
You paid 56 gold pieces to Gozag.

Inventory:

Hand Weapons
 h - a +1 trident of venom (weapon)
 B - a +3 flail of holy wrath
 F - a +0 spear of freezing
Missiles
 x - 3 throwing nets
Armour
 a - a +0 robe
 m - the +8 chain mail of the Unseen Realm {+Inv Regen+ Str+4 Slay-2 SInv}
   (You found it on level 2 of the Dungeon)

   Str:       It affects your strength (+4).
   Slay:      It affects your accuracy & damage with ranged weapons and melee
   (-2).
   SInv:      It lets you see invisible.
   +Inv:      It lets you turn invisible.
   Regen:     It increases your rate of health regeneration.
 p - a +2 helmet (worn)
 y - the +0 pair of gloves of Wu Jian's Delight (worn) {Contam rPois rC+}
   (You bought it in a shop on level 7 of the Dungeon)

   rC:        It protects you from cold.
   rPois:     It protects you from poison.
   Contam:    It causes magical contamination when unequipped.
 T - a +2 robe of willpower (worn)
Magical Staves
 d - a staff of fire
Jewellery
 l - a +6 ring of dexterity (left hand)
 u - an amulet of magic regeneration (around neck)
 G - an amulet of the acrobat
 U - a +6 ring of dexterity (right hand)
Wands
 C - a wand of roots (38)
 D - a wand of digging (9)
 E - a wand of polymorph (14)
 H - a wand of quicksilver (5)
 P - a wand of flame (18)
Scrolls
 e - 2 scrolls of fear
 i - 2 scrolls of immolation
 j - 2 scrolls of magic mapping
 q - 2 scrolls of silence
 r - 2 scrolls of teleportation
 v - a scroll of noise
 w - 2 scrolls of poison
 A - a scroll of amnesia
 J - 2 scrolls of blinking
 K - a scroll of vulnerability
 N - 3 scrolls of brand weapon
 O - a scroll of torment
 Q - 2 scrolls of enchant weapon
 R - 2 scrolls of identify
 S - a scroll of enchant armour
Potions
 b - a potion of magic
 c - 4 potions of haste {unknown}
 g - a potion of might {unknown}
 k - a potion of berserk rage {unknown}
 n - a potion of lignification {unknown}
 o - 8 potions of curing
 s - 12 potions of ambrosia
 t - 3 potions of brilliance {unknown}
 z - a potion of mutation {unknown}
 I - a potion of resistance {unknown}
 L - a potion of invisibility {unknown}
 M - a potion of attraction {unknown}


   Skills:
 - Level 2.4 Dodging
 - Level 2.4 Stealth
 - Level 4.5 Spellcasting
 - Level 3.0 Hexes
 * Level 15.3 Summonings
 * Level 13.1 Necromancy


You had 2 spell levels left.
You knew the following spells:

 Your Spells              Type           Power      Damage    Failure   Level
a - Summon Small Mammal   Summ           100%       N/A       0%          1
b - Call Imp              Summ           100%       N/A       1%          2
c - Call Canine Familiar  Summ           70%        N/A       1%          3
d - Anguish               Hex/Necr       23%        N/A       3%          4
e - Haunt                 Necr/Summ      33%        N/A       22%         7

Your spell library contained the following spells:

 Spells                   Type           Power      Damage    Failure   Level
 Ensorcelled Hibernation  Hex/Ice        26%        N/A       7%          2
 Foxfire                  Conj/Fire      20%        2x1d5     9%          1
 Magic Dart               Conj           20%        1d4       9%          1
 Searing Ray              Conj           10%        2d4       13%         2
 Summon Guardian Golem    Hex/Summ       51%        N/A       1%          3
 Agony                    Necr           64%        N/A       1%          5
 Summon Ice Beast         Ice/Summ       44%        N/A       3%          4
 Summon Lightning Spire   Summ/Air       44%        N/A       3%          4
 Summon Mana Viper        Hex/Summ       51%        N/A       5%          5
 Dazzling Flash           Conj/Hex       26%        N/A       14%         3
 Monstrous Menagerie      Summ           35%        N/A       14%         7
 Frozen Ramparts          Ice            10%        1d2       26%         3
 Hailstorm                Conj/Ice       5%         3d4       26%         3
 Spider Form              Tmut/Pois      5%         N/A       26%         3
 Fulminant Prism          Conj/Hex       6%         3d7       43%         4
 Ice Form                 Ice/Tmut       5%         N/A       65%         4
 Summon Horrible Things   Summ           35%        N/A       71%         8
 Silence                  Hex/Air        6%         N/A       78%         5
 Fireball                 Conj/Fire      2%         3d4       94%         5
 Infestation              Necr           32%        N/A       95%         8
 Malign Gateway           Summ/Tloc      22%        N/A       97%         7
 Plasma Beam              Fire/Air       2%         2x1d14    100%        6
 Starburst                Conj/Fire      2%         6d3       100%        6
 Animate Dead             Necr           Unusable   N/A       N/A         4
 Simulacrum               Ice/Necr       Unusable   N/A       N/A         6

Dungeon Overview and Level Annotations

Branches:
Dungeon (10/15)            Temple (1/1) D:4
   Lair: D:8-11         Orc: D:9-12

Altars:
Ashenzari
Cheibriados
Dithmenos
Elyvilon
Fedhas
Gozag
Hepliaklqana
Kikubaaqudgha
Makhleb
Nemelex Xobeh
Okawaru
Qazlal
Sif Muna
Trog
Uskayaw
Vehumet
Wu Jian
Xom
Yredelemnul
Zin
The Shining One

Shops:
D:1 [   D:7 :[([*

Annotations:
D:6 1 runed translucent door


Message History

Ouch! That really hurt!
There is an open door here.
You feel much better. The fire dragon bites you!
The fire dragon completely misses you. The fire dragon barely misses you.
Your wraith hits the two-headed ogre!
Casting: Haunt (extremely dangerous; 22% risk of failure)
Confirm with . or Enter, or press ? or * to list all spells.
Aiming: Haunt (extremely dangerous; 22% risk of failure)
Press: ? - help, Dir - move target, f/p - fire dragon
Aim: a fire dragon (ally target)
Okay, then.
Unknown command.
Unknown command.
Unknown command.
Unknown command.
Unknown command.
Casting: Haunt (extremely dangerous; 22% risk of failure)
Confirm with . or Enter, or press ? or * to list all spells.
Aiming: Haunt (extremely dangerous; 22% risk of failure)
Press: ? - help, Dir - move target, f/p - fire dragon
Aim: a fire dragon (ally target)
You miscast Haunt.
You are very lightly contaminated with residual magic.
Nothing appears to happen.
The fire dragon closely misses you. The fire dragon claws you!
The fire dragon completely misses you.
The two-headed ogre hits your wraith with a +0 giant spiked club!
The two-headed ogre barely misses your wraith.
Your wraith hits the two-headed ogre.
Your wraith barely misses the fire dragon.
Unknown command.
Casting: Haunt (extremely dangerous; 22% risk of failure)
Confirm with . or Enter, or press ? or * to list all spells.
Aiming: Haunt (extremely dangerous; 22% risk of failure)
Press: ? - help, Dir - move target, f/p - fire dragon
Aim: a fire dragon (ally target)
You miscast Haunt.
You hear strange and distant voices!
You feel drained.
* * * LOW HITPOINT WARNING * * *
The fire dragon bites you!
You die...
Your body crumbles into a pile of gold.

##$$##.......# $ #
#$)$$##.......# $
#.##.$$$###.......#
$
+.#$..$$#.'.########
$
#.#$.O$##.#........#
#..W.$##..#........#
#..O###...#........#
##.WD....##........#
####@#####.........
#.......##.#######.
#..#####..#.......+
#.##...##.#.......#
# #.....#.#.......#
#.....#.'.......# #
#.....#.#.......#
#.##...##.#....>...
#..##.##..#.#+######


You could see a fire dragon (ally target), a two-headed ogre and 2 friendly
wraiths.

Vanquished Creatures
  A yak (D:9)
  A sky beast (D:8)
  2 scorpions (D:7)
  A wight (D:9)
  3 electric eels (D:8)
  A hound (D:5)
  An orc priest (D:4)
  A gnoll bouda (D:4)
  An orc wizard (D:5)
  A gnoll (D:5)
  An adder (D:3)
  An ufetubus (D:5)
  2 worms (D:3)
  A dart slug (D:3)
  17 orcs
  6 ball pythons
  2 bats (D:1)
  3 endoplasms
  A giant cockroach (D:2)
  3 goblins
  A hobgoblin (D:1)
  A jackal (D:4)
  4 kobolds
  A quokka (D:2)
  A frilled lizard (D:1)
  2 rats
60 creatures vanquished.

Vanquished Creatures (collateral kills)
  An ice dragon (D:10)
  An unseen horror (D:10)
  A troll (D:8)
  Grinder (D:5)
  9 yaks
  A wyvern (D:9)
  A steam dragon (D:8)
  A vampire mosquito (D:6)
  Duvessa (D:5)
  An acid dragon (D:8)
  A water moccasin (D:6)
  4 orc warriors
  2 sky beasts (D:7)
  A black bear (D:7)
  2 ice beasts
  An ogre (D:5)
  3 centaurs
  2 phantoms (D:6)
  A kobold brigand (D:8)
  A gnoll sergeant (D:8)
  A bullfrog (D:7)
  6 scorpions
  8 wights
  Dowan (D:5)
  15 killer bees
  A howler monkey (D:6)
  An electric eel (D:8)
  4 hounds
  5 orc priests
  2 gnoll boudas
  A jelly (D:7)
  A sleepcap (D:7)
  2 iguanas (D:5)
  9 orc wizards
  Ijyb (D:5)
  Robin (D:4)
  17 gnolls
  5 adders
  A shadow imp (D:7)
  2 white imps
  A worm (D:4)
  A dart slug (D:5)
  19 orcs
  3 ball pythons
  5 endoplasms
  6 giant cockroaches
  12 goblins
  5 hobgoblins
  4 jackals
  8 kobolds
  2 quokkas
  2 bats
  2 frilled lizards (D:1)
  4 rats
  2 butterflies (D:6)
196 creatures vanquished.

Vanquished Creatures (others)
  A two-headed ogre (D:9)
  Joseph (D:9)
  A queen bee (D:9)
  2 yaks
  3 orc warriors
  A black bear (D:8)
  A centaur (D:8)
  A kobold brigand (D:8)
  A scorpion (D:6)
  A wight (D:8)
  11 killer bees
  An electric eel (D:8)
  An orc wizard (D:9)
  2 gnolls (D:7)
  An orc (D:9)
  3 kobolds (D:8)
32 creatures vanquished.

Grand Total: 288 creatures vanquished

Notes
Turn   | Place    | Note
-------+----------+-------------------------------------------
     0 | D:1      | 2FriedEggs the Deep Elf Summoner began the quest for the
                  | Orb.
     0 | D:1      | Reached XP level 1. HP: 10/10 MP: 6/6
   205 | D:1      | Reached XP level 2. HP: 15/15 MP: 5/8
   248 | D:1      | Found a faded altar of an unknown god.
   449 | D:1      | Reached skill level 5 in Summonings
   463 | D:1      | Found Nesk's Armour Emporium.
   725 | D:2      | Learned a level 2 spell: Call Imp
   789 | D:2      | Identified the +8 chain mail of the Unseen Realm {+Inv
                  | Regen+ Str+4 Slay-2 SInv}
   963 | D:2      | Reached XP level 3. HP: 19/19 MP: 7/10
  2225 | D:3      | Identified the +0 pair of gloves "Pyoqir" {rElec Str+4
                  | Int+3}
  2321 | D:3      | Reached XP level 4. HP: 17/24 MP: 9/12
  2422 | D:3      | Learned a level 3 spell: Call Canine Familiar
  3248 | D:4      | Reached skill level 6 in Summonings
  3388 | D:4      | Reached XP level 5. HP: 27/28 MP: 6/13
  3505 | D:4      | Reached skill level 7 in Summonings
  3668 | D:4      | Noticed Robin
  3677 | D:4      | Killed Robin
  3696 | D:4      | HP: 1/28 [goblin/+0 club[Robin] (3)]
  4230 | D:4      | Found a staircase to the Ecumenical Temple.
  4362 | Temple   | Entered the Ecumenical Temple
  4415 | Temple   | Became a worshipper of Gozag Ym Sagoz the Greedy
  4466 | D:5      | Entered Level 5 of the Dungeon
  4581 | D:5      | Noticed Grinder
  4582 | D:5      | Reached XP level 6. HP: 32/32 MP: 10/14
  4596 | D:5      | Killed Grinder
  4597 | D:5      | Reached skill level 8 in Summonings
  4811 | D:5      | Found a white marble altar of Elyvilon.
  4817 | D:5      | Reached XP level 7. HP: 36/36 MP: 11/15
  4852 | D:5      | Reached skill level 9 in Summonings
  4953 | D:5      | Noticed Ijyb
  4961 | D:5      | Killed Ijyb
  5135 | D:5      | Noticed Duvessa
  5135 | D:5      | Noticed Dowan
  5281 | D:5      | Learned a level 4 spell: Anguish
  5304 | D:5      | Reached skill level 1 in Necromancy
  5340 | D:5      | Killed Duvessa
  5341 | D:5      | Reached skill level 10 in Summonings
  5350 | D:5      | Killed Dowan
  5705 | D:6      | Reached XP level 8. HP: 35/41 MP: 12/16
  5773 | D:6      | Found a runed translucent door.
  5789 | D:6      | Reached skill level 1 in Hexes
  5843 | D:6      | Found a runed translucent door.
  6239 | D:6      | Reached skill level 5 in Necromancy
  6357 | D:6      | Reached skill level 11 in Summonings
  6929 | D:7      | Reached XP level 9. HP: 45/45 MP: 4/17
  7030 | D:7      | Found Tezuf's Assorted Antiques.
  7060 | D:7      | Bought a black potion for 18 gold pieces
  7060 | D:7      | Bought a scroll labelled SUWKIM QUENK for 21 gold pieces
  7060 | D:7      | Bought a gluggy blue potion for 18 gold pieces
  7060 | D:7      | Bought a scroll labelled KINLEN NENO for 21 gold pieces
  7060 | D:7      | Bought a scroll labelled EMAIDI YSHRIDD for 21 gold pieces
  7142 | D:7      | Found Rariulaty's Weapon Boutique.
  7291 | D:7      | Found Voturodi's Antique Armour Boutique.
  7296 | D:7      | Bought a runed hat for 154 gold pieces
  7335 | D:7      | Found a stormy altar of Qazlal.
  7383 | D:7      | Found Pacores's Armour Emporium.
  7394 | D:7      | Found Atzac's Book Emporium.
  7395 | D:7      | Bought the +0 pair of gloves of Wu Jian's Delight {Contam
                  | rPois rC+} for 171 gold pieces
  7412 | D:7      | Reached skill level 12 in Summonings
  7485 | D:7      | Bought a Grand Grimoire for 374 gold pieces
  8108 | D:7      | Identified the +8 battleaxe "Vumou" {elec, Int+2}
  8850 | D:8      | Found a shimmering altar of Xom.
  8916 | D:8      | Noticed a troll
  9374 | D:8      | Reached skill level 13 in Summonings
  9552 | D:8      | Reached XP level 10. HP: 50/50 MP: 14/18
  9584 | D:8      | Reached skill level 10 in Necromancy
  9611 | D:8      | Learned a level 7 spell: Haunt
  9747 | D:8      | Found an ornate altar of the Wu Jian Council.
 10171 | D:9      | Found a shadowy altar of Dithmenos.
 10237 | D:9      | Found a glowing silver altar of Zin.
 10253 | D:9      | Found a hide-covered altar of Uskayaw.
 10565 | D:9      | Reached skill level 14 in Summonings
 10904 | D:9      | Noticed a two-headed ogre
 10913 | D:9      | Killed a two-headed ogre
 10965 | D:9      | Noticed Joseph
 10986 | D:9      | Killed Joseph
 11056 | D:9      | Reached XP level 11. HP: 44/54 MP: 7/19
 11221 | D:9      | Upgraded the game from 0.30.0-5-g1a98f26d00 to
                  | 0.30.0-10-gfe55d96785
 11580 | D:9      | Reached skill level 15 in Summonings
 11929 | D:10     | Entered Level 10 of the Dungeon
 12076 | D:10     | Noticed an ice dragon
 12080 | D:10     | Killed an ice dragon
 12161 | D:10     | Noticed a fire dragon
 12161 | D:10     | Noticed a two-headed ogre
 12167 | D:10     | Slain by a fire dragon

Illustrated notes

Levels and vault maps discovered:
D:1:      minmay_arrival_nine_rooms, layout_rooms,
          chequers_ecumenical_altar_simple, serial_aquarium,
          aquarium_bridge_straight [aquarium_subvault_bridge,
          aquarium_subvault_window, aquarium_subvault_bridge,
          aquarium_subvault_window], aquarium_window_corner, aquarium_window_1,
          aquarium_view_2c, aquarium_pool_five, serial_shops,
          nicolae_shop_behind_doors
D:2:      layout_basic
D:3:      minmay_general_purpose_star, layout_rooms, serial_co_window_serial,
          co_window_paths_a, co_window_corner_a, co_window_paths_a,
          co_window_paths_b, co_window_paths_a, co_window_paths_b,
          co_window_of_opportunity_c, co_window_broadway_b,
          co_window_broadway_b, co_window_unsneaky_path_c,
          co_window_unsneaky_path_e, co_window_cross_3, glass_columns_b,
          glass_columns_b, glass_columns_c, glass_columns_b, glass_columns_b
D:4:      layout_cave_pools, lemuel_temple_firewalk_b, uniq_robin
D:5:      dreamdust_elfheim, layout_cave_pools,
          mainiacjoe_overflow_concentric_impassable,
          nicolae_elevator_lobby_asterisk, uniq_grinder, uniq_ijyb
D:6:      lemuel_insect_pit, layout_loops_ring
D:7:      layout_gridville, kennysheep_mini, serial_shops, shop, shop,
          nicolae_shop_dealshenge, nicolae_shop_bloodbath_and_beyond, shop,
          minmay_between
D:8:      layout_loops_corners, xom_confusion_cloud,
          mainiacjoe_overflow_cross_hatched, serial_bayou, serial_bayou_pond_e,
          serial_bayou_lagoon_a, serial_bayou_shore_a, serial_bayou_ford_a
D:9:      layout_roguey [special_room_bee], zin_academy,
          nicolae_dithmenos_the_darkroom, nicolae_uskayaw_dance_hall,
          kennysheep_generic_room_7, uniq_joseph
D:10:     minmay_the_grid_3x3 [minmay_the_grid_empty, minmay_the_grid_large_cup,
          minmay_the_grid_doors, minmay_the_grid_outer_circle,
          minmay_the_grid_fan, minmay_the_grid_aliased_spiral,
          minmay_the_grid_dragon_a, minmay_the_grid_dragon_b,
          minmay_the_grid_prize_inner_circle], layout_stronghold,
          lemuel_crystal_altar, orc_0_dummy, nicolae_shop_unique_rings
Temple:   nicolae_temple_ecumenical_triangle

Skill      XL: |  1  2  3  4  5  6  7  8  9 10 11 |
---------------+----------------------------------+-----
Summonings     | 5 6 7 8 10 11 13 14 15 | 15.3
Spellcasting   | 4 |  4.5
Necromancy     | 3 6 9 12 13 | 13.1
Hexes          | 3 |  3.0
Dodging        | |  2.4
Stealth        | |  2.4

Action                     |  1- 3 |  4- 6 |  7- 9 | 10-12 || total
---------------------------+-------+-------+-------+-------++-------
  Melee: Unarmed           |    20 |       |       |       ||    20
         Staff             |    14 |       |       |       ||    14
         Trident           |    58 |    81 |    99 |    44 ||   282
         Punch             |       |     1 |     1 |     1 ||     3
   Cast: Summon Small Mamm |    24 |     2 |    20 |    20 ||    66
         Call Imp          |     9 |    16 |    28 |    18 ||    71
         Call Canine Famil |       |    20 |    34 |    23 ||    77
         Anguish           |       |       |     9 |    24 ||    33
         Haunt             |       |       |       |     3 ||     3
  Evoke: Wand              |       |       |     4 |       ||     4
    Use: Potion            |       |     1 |       |     1 ||     2
         Scroll            |       |       |    13 |     3 ||    16
   Stab: Distracted        |       |     1 |     5 |     1 ||     7
         Sleeping          |       |     1 |     5 |       ||     6
 Armour: Robe              |    26 |    13 |    20 |    17 ||    76
  Dodge: Dodged            |    56 |    36 |    63 |    31 ||   186
